 Dungeon Crawl Stone Soup version 0.28.0-45-g0d030f2227 (webtiles) character file.

Game seed: 12210110769831537495

17296 CryoSword the Martial Artist (level 12, -5/64 HPs)
             Began as a Vine Stalker Transmuter on Apr 23, 2022.
             Was an Elder of Kikubaaqudgha.
             Slain by a cyclops (14 damage)
             ... on level 11 of the Dungeon.
             The game lasted 00:21:30 (10377 turns).

CryoSword the Martial Artist (VSTm)                Turns: 10377, Time: 00:21:30

Health: -5/64      AC: 15    Str: 13    XL:     12   Next: 46%
Magic:  0/23       EV: 11    Int: 17    God:    Kikubaaqudgha [****..]
Gold:   463        SH:  6    Dex: 16    Spells: 14/24 levels left

rFire   . . .      SeeInvis .     - Unarmed
rCold   . . .      Faith    .   e - +0 buckler
rNeg    . . .      Spirit   +   p - +0 troll leather armour
rPois   .          Reflect  .   v - +1 helmet
rElec   .          Harm     .   (no cloak)
rCorr   .          Rampage  .   E - +0 pair of gloves
Will    +....                   (no boots)
Stlth   ++........              o - amulet of regeneration
HPRegen 2.60/turn               m - +4 ring of protection
MPRegen 0.18/turn               I - +4 ring of protection

@: no status effects
A: fangs 3, regeneration 1, magic shield, antimagic bite, no potion heal 2
a: Renounce Religion, Receive Corpses


You were on level 11 of the Dungeon.
You worshipped Kikubaaqudgha.
Kikubaaqudgha was greatly pleased with you.
You visited 2 branches of the dungeon, and saw 12 of its levels.
You visited the Abyss 1 time.

You collected 723 gold pieces.
You spent 260 gold pieces at shops.

Inventory:

Hand Weapons
 F - a +3 scimitar of flaming
   (You took it off Erica on level 10 of the Dungeon)
Missiles
 i - 5 curare-tipped darts
 k - 2 boomerangs
 q - a silver boomerang
 u - 56 poisoned darts
 y - 8 throwing nets (quivered)
Armour
 e - a +0 buckler (worn)
   (You took it off a gnoll sergeant on level 10 of the Dungeon)
 p - a +0 troll leather armour (worn)
   (You found it on level 4 of the Dungeon)
 v - a +1 helmet (worn)
   (You found it on level 7 of the Dungeon)
 E - a +0 pair of gloves (worn)
   (You found it on level 8 of the Dungeon)
Jewellery
 m - a +4 ring of protection (left hand)
   (You found it on level 4 of the Dungeon)
 o - an amulet of regeneration (around neck)
   (You found it on level 4 of the Dungeon)
 I - a +4 ring of protection (right hand)
   (You found it on level 9 of the Dungeon)
Wands
 G - a wand of flame (8)
   (You found it on level 9 of the Dungeon)
 K - a wand of digging (4)
   (You found it on level 11 of the Dungeon)
Scrolls
 g - a scroll of vulnerability {unknown}
 j - 6 scrolls of teleportation {@r4}
 l - a scroll of fog
 r - 2 scrolls of acquirement {unknown}
 s - a scroll of fear {unknown}
 w - a scroll of brand weapon {unknown}
 C - 3 scrolls of identify {@r1}
 J - a scroll of magic mapping {unknown}
Potions
 a - 3 potions of might
 b - a potion of mutation {!q}
 c - 3 potions of attraction {unknown}
 d - 2 potions of berserk rage
 f - 3 potions of flight
 h - a potion of haste {@q3}
 n - 2 potions of resistance
 t - a potion of brilliance
 x - 4 potions of curing {@q1}
 z - a potion of ambrosia {unknown}
 A - a potion of heal wounds {unknown}
 B - a potion of magic {unknown}
 D - 2 potions of lignification {unknown}
 H - a potion of cancellation {unknown}


   Skills:
 + Level 7.8 Fighting
 - Level 1.5 Dodging
 + Level 1.4 Stealth
 - Level 6.0 Shields
 * Level 13.5 Unarmed Combat
 + Level 6.9 Spellcasting
 + Level 6.2 Necromancy
 - Level 6.0 Transmutations


You had 14 spell levels left.
You knew the following spells:

 Your Spells              Type           Power      Damage    Failure   Level
a - Beastly Appendage     Tmut           52%        N/A       1%          1
b - Wereblood             Tmut           26%        N/A       2%          2
z - Animate Dead          Necr           13%        N/A       14%         4
S - Sublimation of Blood  Necr           27%        N/A       2%          2
Z - Animate Skeleton      Necr           54%        N/A       1%          1

Your spell library contained the following spells:

 Spells                   Type           Power      Damage    Failure   Level
 Corpse Rot               Necr/Air       32%        N/A       8%          2
 Spider Form              Tmut/Pois      16%        N/A       17%         3
 Magic Dart               Conj           20%        1d4       19%         1
 Searing Ray              Conj           10%        2d4       28%         2
 Agony                    Necr           27%        N/A       36%         5
 Anguish                  Hex/Necr       8%         N/A       45%         4
 Ice Form                 Ice/Tmut       16%        N/A       50%         4
 Borgnjor's Vile Clutch   Necr/Erth      8%         N/A       82%         5
 Fulminant Prism          Conj/Hex       2%         3d6       88%         4
 Passage of Golubria      Tloc           5%         N/A       88%         4
 Death Channel            Necr           13%        N/A       91%         6
 Silence                  Hex/Air        2%         N/A       99%         5
 Simulacrum               Ice/Necr       8%         N/A       100%        6
 Lehudib's Crystal Spear  Conj/Erth      2%         10d2      100%        8


Dungeon Overview and Level Annotations

Branches:
Dungeon (11/15)            Temple (1/1) D:7            Lair (0/6) D:10
    Orc (0/2) D:10

Altars:
Cheibriados
Dithmenos
Elyvilon
Fedhas
Gozag
Hepliaklqana
Kikubaaqudgha
Makhleb
Nemelex Xobeh
Qazlal
Ru
Sif Muna
Uskayaw
Vehumet
Wu Jian
Xom
Yredelemnul

Shops:
D:1 *   D:5 =

Annotations:
D:7 1 runed translucent door


Innate Abilities, Weirdness & Mutations

You have razor-sharp teeth.
Your natural rate of healing is unusually fast.
When hurt, damage is shared between your health and your magic reserves.
Your bite disrupts and absorbs the magic of your enemies.
Potions cannot restore your health.


Message History

You are too injured to fight recklessly!
You are too injured to fight recklessly!
You are too injured to fight recklessly!
You are too injured to fight recklessly!
You are too injured to fight recklessly!
You are too injured to fight recklessly!
You are too injured to fight recklessly!
You are too injured to fight recklessly!
You are too injured to fight recklessly!
Unknown command.
There is an open door here.
You pummel the cyclops!! You hit the cyclops but do no damage.
The cyclops barely misses you.
You barely miss the cyclops. You hit the cyclops. Your bite misses the cyclops.
The cyclops closely misses you.
You hit the cyclops but do no damage. You bite the cyclops, but do no damage.
You punch the cyclops! You bite the cyclops, but do no damage.
You block the cyclops's attack.
You punch the cyclops! You bite the cyclops, but do no damage.
You punch the cyclops!
You kill the cyclops!
Kikubaaqudgha accepts your kill.
You punch the ogre! Your bite misses the ogre. You barely miss the ogre.
You bite the ogre! You drain its power.
You feel invigorated. The ogre closely misses you.
You punch the ogre!
You kill the ogre!
Kikubaaqudgha accepts your kill.
There is an open door, spattered with blood here.
Things that are here:
a +0 giant spiked club; 2 large rocks You now have 419 gold pieces (gained 7).
You now have 428 gold pieces (gained 9).
You now have 442 gold pieces (gained 14).
You now have 451 gold pieces (gained 9).
You now have 463 gold pieces (gained 12).
A wolf is nearby!
A wolf is nearby!
There is an open door, spattered with blood here.
You see here a warg corpse.
You block the wolf's attack. The wolf closely misses you.
You hit the wolf. Your bite misses the wolf. You block the wolf's attack.
You punch the wolf! Your bite misses the wolf.
The wolf bites you but does no damage.
You closely miss the wolf. The wolf bites you but does no damage.
The wolf bites you.
You closely miss the wolf. The wolf barely misses you.
You barely miss the wolf. You bite the wolf, but do no damage.
The wolf bites you. The wolf bites you but does no damage.
You miss the wolf. Your bite misses the wolf. The wolf misses you.
You barely miss the wolf. The wolf bites you but does no damage.
You hit the wolf.
You kill the wolf!
Kikubaaqudgha accepts your kill.
No target in view!
No target in view!
There is an open door, spattered with blood here.
You see here a warg corpse.
Could not explore, unopened door.
Could not explore, unopened door.
You open the door.
Found an escape hatch in the ceiling.
There is an open door, spattered with blood here.
You see here a warg corpse.
A cyclops comes into view.
The cyclops shouts!
A cyclops comes into view.
There are monsters nearby!
The cyclops shouts!
The cyclops throws a large rock.
The large rock hits you!!
You punch the cyclops! You punch the cyclops! The cyclops hits you!
You punch the cyclops! You bite the cyclops. You drain its power.
You feel invigorated.
You barely miss the cyclops. You bite the cyclops! You drain its power.
You feel invigorated. The cyclops hits you!!
The cyclops hits you but does no damage.
You are too injured to fight recklessly!
You are too injured to fight recklessly!
You are too injured to fight recklessly!
You are too injured to fight recklessly!
You are too injured to fight recklessly!
You are too injured to fight recklessly!
You are too injured to fight recklessly!
You are too injured to fight recklessly!
You are too injured to fight recklessly!
You are too injured to fight recklessly!
You are too injured to fight recklessly!
You are too injured to fight recklessly!
You are too injured to fight recklessly!
You hit the cyclops but do no damage. You completely miss the cyclops.
You bite the cyclops. You drain its power.
You feel invigorated. The cyclops misses you.
The cyclops hits you but does no damage.
You hit the cyclops.
You kill the cyclops!
Kikubaaqudgha accepts your kill.
You hit the cyclops but do no damage. Your bite misses the cyclops.
The cyclops closely misses you.
You punch the cyclops! You bite the cyclops! You drain its power.
The cyclops hits you!
You punch the cyclops! You bite the cyclops, but do no damage.
You hit the cyclops but do no damage. Your bite misses the cyclops.
The cyclops hits you!
* * * LOW HITPOINT WARNING * * *
You pummel the cyclops!! You punch the cyclops!
You kill the cyclops!
Kikubaaqudgha accepts your kill.
Your Stealth skill increases to level 1!
Things that are here:
2 large rocks; a cyclops corpse A cyclops comes into view.
A cyclops is nearby!
A cyclops is nearby!
A cyclops is nearby!
The cyclops shouts!
You punch the cyclops! You bite the cyclops. You drain its power.
You feel invigorated.
You punch the cyclops! Your bite misses the cyclops.
You block the cyclops's attack.
You punch the cyclops! You punch the cyclops! The cyclops hits you!!
You punch the cyclops!
You kill the cyclops!
Kikubaaqudgha accepts your kill.
You see here 4 large rocks.
A cyclops comes into view.
The cyclops shouts!
The cyclops throws a large rock.
The large rock hits you!!
A cyclops is nearby!
A cyclops is nearby!
A cyclops is nearby!
The cyclops hits you!!
You are too injured to fight recklessly!
You are too injured to fight recklessly!
You are too injured to fight recklessly!
You punch the cyclops! You bite the cyclops, but do no damage.
You punch the cyclops! You bite the cyclops, but do no damage.
The cyclops hits you!!
* * * LOW HITPOINT WARNING * * *
You hit the cyclops. You bite the cyclops, but do no damage.
You hit the cyclops but do no damage. You bite the cyclops.
You drain its power.
You feel invigorated. The cyclops hits you!!
* * * LOW HITPOINT WARNING * * *
You hit the cyclops but do no damage. You bite the cyclops.
You drain its power.
You feel invigorated. The cyclops hits you!
You die...
Kikubaaqudgha rasps: "You have failed me!
Welcome... death!"

#.........#.##..## #
#.........#.#...##
##........#......##
#........#<......##
#.................##
#.................'.
#.............>...##
. #................##
#.###.@.....##.....##
#..)...C....###...##
####........# ##+##
###......# ##.#####
#.....<###......#
#............##.##
##.....###........
#....).##.....#.##
#......##.....#.#


You could see a cyclops.

Vanquished Creatures
  A boulder beetle (D:11)
  Erolcha (D:10)
  A hydra (D:11)
  Erica (D:10)
  Urug (D:11)
  11 cyclopes (D:11)
  Maggie (D:10)
  2 unseen horrors
  A kobold demonologist (D:9)
  2 trolls (D:11)
  A shadow (D:9)
  4 wyverns
  3 wraiths
  4 yaks (D:10)
  3 wargs (D:11)
  Duvessa (D:5)
  An acid dragon (D:8)
  4 water moccasins
  4 sky beasts
  An ice beast (D:7)
  3 orc warriors
  A black bear (D:8)
  4 ogres (D:11)
  A tengu (D:9)
  A necrophage (D:7)
  3 wolves (D:11)
  3 centaurs
  13 kobold brigands
  2 bullfrogs
  4 gnoll sergeants
  A scorpion (D:5)
  Dowan (D:5)
  3 jellies
  9 wights
  A howler monkey (D:10)
  5 centaur zombies
  2 iguanas
  9 orc priests
  3 bullfrog skeletons
  A hound (D:7)
  2 gnoll shamans
  10 orc wizards
  A killer bee zombie (D:6)
  15 gnolls
  6 adders
  A white imp (D:6)
  An ufetubus (D:6)
  A worm (D:4)
  32 orcs
  4 ball pythons
  7 bats
  4 endoplasms
  4 giant cockroaches
  5 goblins
  8 hobgoblins
  11 jackals
  3 quokkas
  4 frilled lizards
  40 kobolds
  11 rats
288 creatures vanquished.

Vanquished Creatures (collateral kills)
  A gnoll sergeant (D:10)
  A hound (D:10)
  An orc wizard (D:2)
  5 gnolls (D:10)
  3 orcs
  2 jackals (D:10)
13 creatures vanquished.

Vanquished Creatures (others)
  5 fungi (D:10)
  17 plants
22 creatures vanquished.

Grand Total: 323 creatures vanquished

Notes
Turn   | Place    | Note
-------+----------+-------------------------------------------
     0 | D:1      | CryoSword the Vine Stalker Transmuter began the quest for
                  | the Orb.
     0 | D:1      | Reached XP level 1. HP: 9/9 MP: 4/4
   466 | D:1      | Reached XP level 2. HP: 14/14 MP: 6/6
   579 | D:1      | You fall into a shaft and drop 1 floor!
   820 | D:2      | Reached skill level 4 in Unarmed Combat
   820 | D:2      | Reached XP level 3. HP: 14/17 MP: 5/7
   916 | D:2      | Reached skill level 5 in Unarmed Combat
   916 | D:2      | Gained mutation: Your natural rate of healing is unusually
                  | fast. [Vine Stalker growth]
   916 | D:2      | Reached XP level 4. HP: 2/21 MP: 2/8
   978 | D:2      | Found a faded altar of an unknown god.
  1182 | D:1      | Found Iceor's General Store.
  1697 | D:2      | Reached XP level 5. HP: 25/25 MP: 9/9
  2051 | D:3      | Reached skill level 6 in Unarmed Combat
  2607 | D:4      | Reached skill level 1 in Fighting
  2607 | D:4      | Reached XP level 6. HP: 30/30 MP: 10/10
  2614 | D:4      | Noticed a sky beast
  2644 | D:4      | Killed a sky beast
  3037 | D:4      | Reached XP level 7. HP: 35/35 MP: 9/11
  3043 | D:4      | Reached skill level 7 in Unarmed Combat
  3131 | D:5      | Entered Level 5 of the Dungeon
  3220 | D:5      | Noticed Duvessa
  3220 | D:5      | Noticed Dowan
  3257 | D:5      | Killed Duvessa
  3273 | D:5      | Killed Dowan
  3367 | D:5      | Found Teroakk's Jewellery Boutique.
  3470 | D:5      | Gained mutation: You have razor-sharp teeth. [Vine Stalker
                  | growth]
  3470 | D:5      | Reached XP level 8. HP: 36/40 MP: 12/12
  3582 | D:5      | Reached skill level 8 in Unarmed Combat
  4466 | D:6      | Reached skill level 9 in Unarmed Combat
  4678 | D:7      | Reached skill level 5 in Transmutations
  4704 | D:7      | Found a staircase to the Ecumenical Temple.
  4713 | Temple   | Entered the Ecumenical Temple
  4784 | Temple   | Became a worshipper of Kikubaaqudgha
  4817 | D:7      | Reached XP level 9. HP: 46/46 MP: 13/13
  4820 | D:7      | Learned a level 2 spell: Wereblood
  4874 | D:7      | Found a runed translucent door.
  5397 | D:8      | Found a sparkling altar of Nemelex Xobeh.
  5407 | D:8      | Found a hazy altar of Hepliaklqana.
  5765 | D:1      | Bought a potion of might for 52 gold pieces
  5765 | D:1      | Bought a scroll of teleportation for 39 gold pieces
  5765 | D:1      | Bought a potion of curing for 39 gold pieces
  5765 | D:1      | Bought a potion of resistance for 130 gold pieces
  6484 | D:9      | Reached skill level 5 in Fighting
  6484 | D:9      | Reached skill level 10 in Unarmed Combat
  6509 | D:9      | Found a blossoming altar of Fedhas.
  6677 | D:8      | Reached skill level 1 in Necromancy
  6689 | D:8      | Reached * piety under Kikubaaqudgha
  6689 | D:8      | Received a gift from Kikubaaqudgha
  6795 | D:8      | Learned a level 1 spell: Animate Skeleton
  6801 | D:8      | Learned a level 2 spell: Sublimation of Blood
  7299 | D:9      | Noticed a kobold demonologist
  7324 | D:9      | Reached XP level 10. HP: 51/51 MP: 12/16
  7332 | D:9      | Killed a kobold demonologist
  7339 | D:9      | Reached skill level 11 in Unarmed Combat
  7404 | D:9      | Reached ** piety under Kikubaaqudgha
  7753 | D:10     | Entered Level 10 of the Dungeon
  7761 | D:10     | Found a staircase to the Lair.
  7875 | D:10     | Noticed Erolcha
  7875 | D:10     | Found a staircase to the Orcish Mines.
  8125 | D:10     | Cast into level 1 of the Abyss (Erolcha)
  8127 | Abyss:1  | Found a corrupted altar of Lugonu.
  8140 | D:10     | Escaped the Abyss
  8150 | D:10     | Killed Erolcha
  8162 | D:10     | Reached skill level 5 in Spellcasting
  8191 | D:10     | Reached skill level 12 in Unarmed Combat
  8201 | D:10     | Noticed Maggie
  8227 | D:10     | Killed Maggie
  8228 | D:10     | Reached XP level 11. HP: 29/58 MP: 14/19
  8287 | D:10     | Noticed Erica
  8299 | D:10     | Reached skill level 1 in Shields
  8401 | D:10     | Reached *** piety under Kikubaaqudgha
  8401 | D:10     | Received a gift from Kikubaaqudgha
  8446 | D:10     | Learned a level 4 spell: Animate Dead
  8742 | D:10     | Killed Erica
  8973 | D:11     | Noticed a cyclops
  8974 | D:11     | Noticed a cyclops
  9067 | D:11     | Killed a cyclops
  9068 | D:11     | Reached skill level 5 in Shields
  9104 | D:11     | Killed a cyclops
  9144 | D:11     | Noticed a cyclops
  9155 | D:11     | Killed a cyclops
  9265 | D:11     | Noticed a four-headed hydra
  9303 | D:11     | Killed a four-headed hydra
  9304 | D:11     | Reached skill level 5 in Necromancy
  9425 | D:11     | Noticed a boulder beetle
  9440 | D:11     | Killed a boulder beetle
  9820 | D:11     | Found a radiant altar of Vehumet.
  9828 | D:11     | Noticed Urug
  9900 | D:11     | Killed Urug
  9901 | D:11     | Reached XP level 12. HP: 63/63 MP: 22/22
  9987 | D:11     | Reached skill level 13 in Unarmed Combat
 10116 | D:11     | Reached **** piety under Kikubaaqudgha
 10284 | D:11     | Reached skill level 1 in Stealth
 10377 | D:11     | Slain by a cyclops

Illustrated notes

Levels and vault maps discovered:
D:1:      onia_arrival_pentagram, layout_loops_ring, serial_shops,
          nicolae_square_shop
D:2:      layout_basic, hellmonk_ecumenical_altar_pennies_from_heaven
D:3:      layout_basic, chequers_serial_rivers_room_b, minmay_puff
D:4:      layout_gridville
D:5:      layout_loops_ring, serial_shops, shop, uniq_duvessa
D:6:      layout_rooms
D:7:      layout_cave_pools, minmay_temple_entry_stoned_glass,
          lightli_church_of_beogh
D:8:      layout_gridville, amethyst_overflow_temple_binary,
          chequers_serial_rivers_large_a, minivault_11, roderic_lattice_a,
          wad_floor_pattern_untrapped
D:9:      layout_long_grid, fedhas_altar_1, special_room [special_room_kobold],
          evilmike_minifort
D:10:     layout_cave_pools, minmay_lair_entry_grove, orc_0_dummy,
          serial_gnoll_camp, gnoll_camp_mini_hut, gnoll_camp_mini_doghouse,
          gnoll_camp_mini_hut, gnoll_camp_medium_02,
          minmay_misc_feat_nine_boxes, uniq_maggie, uniq_erolcha, uniq_erica
D:11:     giant_chief_lemuel, layout_loops_corners, minmay_misc_feat_roman,
          fiery_altar_vehumet, uniq_urug
Temple:   mainiacjoe_temple_bowtie_tessellation

Skill      XL: |  1  2  3  4  5  6  7  8  9 10 11 12 |
---------------+-------------------------------------+-----
Unarmed Combat | 4 5 6 7 9 10 12 13 | 13.5
Fighting       | 1 2 3 4 5 6 7 |  7.8
Transmutations | 3 5 6 |  6.0
Necromancy     | 2 4 5 6 |  6.2
Spellcasting   | 3 5 6 |  6.9
Shields        | 6 |  6.0
Stealth        | 1 |  1.4
Dodging        | |  1.5

Action                   |  1- 3 |  4- 6 |  7- 9 | 10-12 || total
-------------------------+-------+-------+-------+-------++-------
Melee: Unarmed           |    75 |   198 |   346 |   515 ||  1134
       Bite              |    17 |    48 |   110 |   209 ||   384
       Punch             |     2 |     7 |    25 |     9 ||    43
       Headbutt          |       |       |    39 |    33 ||    72
       Kick              |       |       |    69 |    46 ||   115
Throw: Throwing net      |       |       |       |     6 ||     6
       Dart              |       |       |       |     4 ||     4
 Cast: Beastly Appendage |       |       |    32 |     5 ||    37
       Wereblood         |       |       |       |     2 ||     2
  Use: Scroll            |     3 |     2 |     6 |     2 ||    13
       Potion            |       |       |       |     1 ||     1
 Stab: Sleeping          |     1 |     1 |     3 |     1 ||     6
       Held in net/web   |       |       |       |     2 ||     2
       Distracted        |       |       |       |     1 ||     1
Armor: Robe              |     6 |       |       |       ||     6
       Chain mail        |    17 |   103 |       |       ||   120
       Troll leather arm |       |    17 |   105 |   231 ||   353
Dodge: Dodged            |    35 |    67 |   213 |   255 ||   570
Block: Buckler           |       |       |       |    89 ||    89
